 Dungeon Crawl Stone Soup version 0.27.1-34-g3ba077fa99 (webtiles) character file.

Game seed: 13178635888404495694

152 Lutefisk the Stinger (level 5, -7/41 HPs)
             Began as a Barachi Venom Mage on Jan 19, 2022.
             Mangled by a gnoll (9 damage)
             ... on level 4 of the Dungeon.
             The game lasted 00:13:10 (1391 turns).

Lutefisk the Stinger (Barachi Venom Mage)           Turns: 1391, Time: 00:13:11

Health: -7/41      AC:  2    Str: 10    XL:     5   Next: 34%
Magic:  9/9        EV: 12    Int: 16    God:
Gold:   113        SH:  0    Dex: 12    Spells: 4/10 levels left

rFire    . . .     SeeInvis .   n - +3 whip
rCold    . . .     Faith    .   (no shield)
rNeg     . . .     Spirit   .   a - +0 robe
rPois    .         Reflect  .   q - +2 helmet
rElec    .         Harm     .   (no cloak)
rCorr    .         Rampage  .   m - +0 pair of gloves
Will     .....                  (no boots)
Stlth    ++........             (no amulet)
HPRegen  0.13/turn              (no ring)
MPRegen  0.11/turn              (no ring)

@: corroded, unable to hop, slow
A: amphibious, slowness 1, strong legs 1, +LOS
a: Hop


You were on level 4 of the Dungeon.
You visited 1 branch of the dungeon, and saw 4 of its levels.

You collected 113 gold pieces.

Inventory:

Hand Weapons
 n - a +3 whip (weapon)
Missiles
 d - 10 poisoned darts (quivered)
 i - 2 javelins
Armour
 a - a +0 robe (worn)
 m - a +0 pair of gloves (worn)
 q - a +2 helmet (worn)
Jewellery
 o - a +6 ring of strength
Scrolls
 b - 3 scrolls of identify {unknown}
 c - a scroll of enchant weapon {unknown}
 e - a scroll of teleportation {unknown}
 h - a scroll of enchant armour {unknown}
 k - a scroll of acquirement {unknown}
 p - a scroll of holy word {unknown}
 r - a scroll of amnesia {unknown}
 s - a scroll of fear {unknown}
Potions
 f - a potion of attraction {unknown}
 g - 2 potions of lignification {unknown}
 j - 2 potions of brilliance {unknown}
 l - a potion of might {unknown}
 t - a potion of flight {unknown}


   Skills:
 * Level 3.4 Fighting
 + Level 2.5 Dodging
 + Level 1.9 Stealth
 - Level 3.0 Spellcasting
 - Level 2.0 Transmutations
 * Level 0.1 Air Magic
 + Level 4.2 Poison Magic


You had 4 spell levels left.
You knew the following spells:

 Your Spells              Type           Power      Damage    Failure   Level
a - Sting                 Tmut/Pois      48%        1d5       5%          1
b - Poisonous Vapours     Pois/Air       18%        N/A       12%         2
c - Mephitic Cloud        Conj/Pois/Air  7%         N/A       30%         3

Your spell library contained the following spells:

 Spells                   Type           Power      Damage    Failure   Level
 Olgreb's Toxic Radiance  Pois           16%        N/A       32%         4
 Frozen Ramparts          Ice            4%         1d2       50%         3
 Ice Form                 Ice/Tmut       5%         N/A       77%         4
 Summon Ice Beast         Ice/Summ       2%         N/A       88%         4


Dungeon Overview and Level Annotations

Branches:
Dungeon (4/15)
 Temple: D:4-7

Altars:
Trog


Innate Abilities, Weirdness & Mutations

You are amphibious.
You cover ground slowly.
You can hop short distances.
You have an extended range of vision and can be seen from far away.


Message History

There is an open door here.
Casting: Sting (safe; 5% risk of failure)
Confirm with . or Enter, or press ? or * to list all spells.
Okay, then.
Casting: Sting (safe; 5% risk of failure)
Confirm with . or Enter, or press ? or * to list all spells.
Okay, then.
Casting: Sting (safe; 5% risk of failure)
Confirm with . or Enter, or press ? or * to list all spells.
Okay, then.
You open the door.
There is an open door here.
As you open the door, it creaks loudly!
You hear a shout!
The jelly hits you. The acid corrodes you!
You are splashed with acid!
Okay, then.
There is an open door here.
Hop to where?
Press: ? - help, Dir - move target 3 gnolls come into view.
Boing!
The gnoll shouts! x2
Unknown command.
Okay, then.
The gnoll hits you with a +0 flail.
Okay, then.
The gnoll closely misses you. The gnoll hits you with a +0 flail.
* * * LOW HITPOINT WARNING * * *
The gnoll barely misses you.
The gnoll hits you from afar with a +0 spear.
* * * LOW HITPOINT WARNING * * *
The gnoll closely misses you. The gnoll hits you with a +0 whip.
* * * LOW HITPOINT WARNING * * *
The gnoll hits you from afar with a +0 spear.
* * * LOW HITPOINT WARNING * * *
There is a stone staircase leading up here.
Okay, then.
The gnoll closely misses you. The gnoll hits you with a +0 whip!
You die...

+..+....(....#...#+#
#..#.........# ..#.#
#.J#.........# .)#.#
'##'..†......###.#.#
#..#.###....)'.....#
#..#.#
#....J'#....#####
'..+.#
#...O...........#
#..###
#......g.g.>....#
#..#
#.......g@......#
+###
####....g##†##### .#
#.....'..# ##
#.....#### #.....#
#.....# #.....#
#.[...# #######


You could see an ogre, a jelly and 4 gnolls.

Vanquished Creatures
  A howler monkey (D:4)
  An iguana (D:3)
  2 adders (D:3)
  A worm (D:2)
  2 dart slugs
  3 orcs
  4 ball pythons
  10 endoplasms
  3 giant cockroaches
  A goblin (D:1)
  8 hobgoblins
  2 quokkas
  3 bats (D:1)
  3 frilled lizards
  5 kobolds
  8 rats
57 creatures vanquished.

Vanquished Creatures (others)
  2 plants (D:1)
2 creatures vanquished.

Grand Total: 59 creatures vanquished

Notes
Turn   | Place    | Note
-------+----------+-------------------------------------------
     0 | D:1      | Lutefisk the Barachi Venom Mage began the quest for the
                  | Orb.
     0 | D:1      | Reached XP level 1. HP: 13/13 MP: 3/3
    82 | D:1      | Reached XP level 2. HP: 17/19 MP: 0/5
   314 | D:1      | Reached XP level 3. HP: 16/25 MP: 0/6
   372 | D:1      | Reached skill level 1 in Fighting
   686 | D:2      | Learned a level 2 spell: Poisonous Vapours
   690 | D:2      | Learned a level 3 spell: Mephitic Cloud
   913 | D:2      | Found a faded altar of an unknown god.
  1022 | D:3      | Reached skill level 4 in Poison Magic
  1022 | D:3      | Reached XP level 4. HP: 27/34 MP: 1/8
  1315 | D:4      | Reached XP level 5. HP: 23/41 MP: 6/9
  1339 | D:4      | Found a bloodstained altar of Trog.
  1362 | D:4      | Noticed an ogre
  1390 | D:4      | HP: 2/41 [gnoll (1)]
  1391 | D:4      | Mangled by a gnoll

Illustrated notes

Levels and vault maps discovered:
D:1:      tarquinn_simple_flora_water_e, layout_loops_ring
D:2:      layout_basic, shapermc_ecumenical_altar_starsandcircs,
          minmay_tree_intersection, chequers_mini_garden, interstate_on_off
D:3:      layout_rooms
D:4:      layout_basic, mainiacjoe_overflow_24_doors, serial_curves,
          eino_curves_01, eino_curves_02

Skill      XL: |  1  2  3  4 |
---------------+-------------+-----
Fighting       | 2 3 |  3.4
Poison Magic   | 4 |  4.2
Spellcasting   | 3 |  3.0
Transmutations | 2 |  2.0
Dodging        | |  2.5
Stealth        | |  1.9
Air Magic      | |  0.1

Action                   |  1- 3 |  4- 6 || total
-------------------------+-------+-------++-------
Melee: Unarmed           |     6 |       ||     6
       Club              |     7 |       ||     7
       Whip              |    12 |    28 ||    40
 Cast: Sting             |    47 |    32 ||    79
       Mephitic Cloud    |     1 |       ||     1
 Abil: Hop               |     1 |     2 ||     3
Armor: Robe              |     4 |    14 ||    18
Dodge: Dodged            |    17 |    26 ||    43
